 Dungeon Crawl Stone Soup version 0.19.5 (webtiles) character file.

461 snowfan the Conjurer (level 6, -1/32 HPs)
             Began as a Deep Elf Wizard on May 11, 2017.
             Slain by diosMIO22's ghost (3 damage)
             ... on level 4 of the Dungeon.
             The game lasted 00:11:55 (3270 turns).

snowfan the Conjurer (Deep Elf Wizard)              Turns: 3270, Time: 00:11:55

Health: -1/32      AC:  3    Str:  4    XL:     6   Next: 79%
Magic:  0/14       EV: 13    Int: 30    God:
Gold:   246        SH:  0    Dex: 13    Spells: 5 memorised, 2 levels left

rFire  . . .     SeeInvis .     o - +0 hunting sling
rCold  . . .     Gourm    .     j - +0 robe (curse)
rNeg   . . .     Faith    +     (no shield)
rPois  .         Spirit   .     b - +0 hat
rElec  .         Reflect  .     (no cloak)
rCorr  .         Harm     .     (no gloves)
MR     .....                    g - +0 pair of boots
Stlth  ++........               i - amulet of faith
                                (no ring)
                                (no ring)

@: brilliant
A: no striking features
a: no special abilities


You were on level 4 of the Dungeon.
You were not hungry.

You visited 1 branch of the dungeon, and saw 4 of its levels.

You collected 246 gold pieces.

Inventory:

Hand Weapons
 k - a +0 dagger
 o - a +0 hunting sling (weapon)
Missiles
 e - 247 stones (quivered)
 u - 34 sling bullets
Armour
 b - a +0 hat (worn)
 g - a +0 pair of boots (worn)
 j - a cursed +0 robe (worn)
 w - a +0 buckler
Jewellery
 a - an uncursed ring of fire {unknown}
 i - an amulet of faith (around neck)
Scrolls
 l - a scroll of enchant armour {unknown}
 m - a scroll of amnesia {unknown}
 p - 7 scrolls of remove curse {unknown}
 q - 3 scrolls of identify {unknown}
 r - a scroll of enchant weapon {unknown}
 t - a scroll of blinking {unknown}
 y - a scroll of fog {unknown}
Potions
 h - a potion of berserk rage
 n - 2 potions of brilliance
 s - 3 potions of lignification {unknown}
 x - 2 potions of heal wounds {unknown}
 A - a potion of degeneration {unknown}
 B - 3 potions of flight {unknown}
 C - a potion of curing {unknown}
Books
 c - a book of Minor Magic

   Spells                             Type                      Level
   a - Magic Dart                     Conjuration                  1
   b - Blink                          Translocation                2
   c - Call Imp                       Summoning                    2
   d - Repel Missiles                 Charms/Air                   2
   e - Slow                           Hexes                        2
   f - Conjure Flame                  Conjuration/Fire             3
   g - Mephitic Cloud                 Conjuration/Poison/Air       3
Comestibles
 d - a bread ration
 f - 2 meat rations
 v - 8 fruits
 z - 2 slices of pizza


   Skills:
 - Level 2.4 Dodging
 - Level 2.4 Stealth
 - Level 4.4 Spellcasting
 + Level 7.8 Conjurations
   Level 1.1 Summonings
 - Level 1.1 Translocations


You had 2 spell levels left.
You knew the following spells:

 Your Spells              Type           Power        Failure   Level  Hunger
a - Magic Dart            Conj           ####         1%          1    None
c - Mephitic Cloud        Conj/Pois/Air  #####...     1%          3    #......
d - Conjure Flame         Conj/Fire      #####...     1%          3    #......
m - Repel Missiles        Chrm/Air       ###...       1%          2    None
q - Blink                 Tloc           N/A          1%          2    None


Dungeon Overview and Level Annotations

Branches:
Dungeon (4/15)
 Temple: D:4-7

Altars:
Ashenzari
Cheibriados
Fedhas
Yredelemnul

Annotations:
D:4 diosMIO22's ghost, amateur GrFi


Message History

Confirm with . or Enter, or press ? or * to list all spells.
You don't have enough magic to cast that spell.
Firing (i - inventory. (,) - cycle):
e - 248 stones (quivered)
Press: ? - help, Shift-Dir - straight line, f/p - diosMIO22's ghost
Aim: diosMIO22's ghost, wielding a vorpal weapon (heavily damaged)
You shoot a stone.
The stone barely misses diosMIO22's ghost.
DiosMIO22's ghost misses you.
Casting: Blink
Confirm with . or Enter, or press ? or * to list all spells.
Aiming: Magic Dart
Press: ? - help, Shift-Dir - straight line, f/p - diosMIO22's ghost
Aim: diosMIO22's ghost, wielding a vorpal weapon (heavily damaged)
The magic dart hits diosMIO22's ghost.
DiosMIO22's ghost is heavily damaged.
DiosMIO22's ghost hits you. DiosMIO22's ghost hits you!
DiosMIO22's ghost hits you!
* * * LOW HITPOINT WARNING * * *
You die...

.## ##..# .# #..# .# #..# .# #..#
.# #..# .# #..# #### .## #..#
#########..# ..#
##..###......#...# ..##
##....#....@......#
...###.....(..((.W.....##
...........##...........### ####
........##########........####...
...###### ####............ ..##
##........... ..# #............
.## ##............ .#
#########...######....


You could see diosMIO22's ghost.

Vanquished Creatures
  Sigmund (D:3)
  An orc priest (D:3)
  Jessica (D:3)
  A worker ant (D:4)
  Natasha (twice) (D:3)
  4 gnolls (D:2)
  3 adders
  A shadow imp (D:4)
  An ooze (D:2)
  An adder skeleton (D:4)
  3 worms
  3 dart slugs
  A leopard gecko (D:2)
  4 orcs (D:3)
  2 giant cockroaches
  10 goblins
  4 hobgoblins
  4 jackals (D:1)
  8 kobolds
  2 quokkas (D:2)
  3 ball pythons
  9 bats
  4 frilled lizards
  2 gnoll zombies (D:3)
  5 rats
80 creatures vanquished.

Notes
Turn   | Place    | Note
-------+----------+-------------------------------------------
     0 | D:1      | snowfan the Deep Elf Wizard began the quest for the Orb.
     0 | D:1      | Reached XP level 1. HP: 10/10 MP: 7/7
   181 | D:1      | Reached skill level 2 in Conjurations
   249 | D:1      | Reached XP level 2. HP: 15/15 MP: 2/9
   484 | D:1      | Reached skill level 3 in Conjurations
  1021 | D:2      | Reached XP level 3. HP: 19/19 MP: 7/10
  1317 | D:2      | Reached skill level 4 in Conjurations
  1321 | D:2      | Reached XP level 4. HP: 24/24 MP: 2/12
  1335 | D:2      | HP: 1/24 [gnoll/spear (11)]
  1812 | D:2      | Reached skill level 5 in Conjurations
  1988 | D:3      | Found a shattered altar of Ashenzari.
  2008 | D:3      | Noticed Jessica
  2011 | D:3      | Killed Jessica
  2011 | D:3      | Reached XP level 5. HP: 28/28 MP: 9/13
  2084 | D:3      | Found a blossoming altar of Fedhas.
  2173 | D:3      | Noticed Sigmund
  2181 | D:3      | Killed Sigmund
  2181 | D:3      | Reached skill level 6 in Conjurations
  2181 | D:3      | Reached XP level 6. HP: 26/32 MP: 5/14
  2277 | D:3      | Reached skill level 7 in Conjurations
  2370 | D:3      | Found a snail-covered altar of Cheibriados.
  2431 | D:3      | Noticed Natasha
  2437 | D:3      | Killed Natasha
  2612 | D:3      | Noticed Natasha
  2618 | D:3      | Killed Natasha
  2776 | D:3      | Found a basalt altar of Yredelemnul.
  2977 | D:4      | Learned a level 3 spell: Conjure Flame
  2980 | D:4      | Learned a level 2 spell: Blink
  2983 | D:4      | Learned a level 2 spell: Repel Missiles
  2987 | D:4      | Learned a level 3 spell: Mephitic Cloud
  3192 | D:4      | Noticed diosMIO22's ghost (amateur GrFi)
  3270 | D:4      | Slain by diosMIO22's ghost

Skill      XL: |  1  2  3  4  5  6 |
---------------+-------------------+-----
Conjurations   | 2 3 4 5 6 7 |  7.8
Dodging        | |  2.4
Stealth        | |  2.4
Spellcasting   | |  4.4
Summonings     | |  1.1
Translocations | |  1.1

Action                   |  1- 3 |  4- 6 || total
-------------------------+-------+-------++-------
Melee: Dagger            |    15 |       ||    15
 Fire: Hunting sling     |     6 |    10 ||    16
Throw: Stone             |     1 |       ||     1
 Cast: Magic Dart        |    78 |   130 ||   208
       Blink             |       |     3 ||     3
       Conjure Flame     |       |     1 ||     1
  Use: Potion            |       |     2 ||     2
  Eat: Chunk             |     1 |     6 ||     7
Armor: Robe              |     7 |     4 ||    11
Dodge: Dodged            |    18 |    18 ||    36
